 Dungeon Crawl Stone Soup version 0.17-a0-1528-gfee3901 (webtiles) character file.

3704 mrath the Thaumaturge (level 10, -7/57 HPs)
             Began as a Gargoyle Earth Elementalist on July 15, 2015.
             Was an Initiate of Vehumet.
             Mangled by an orc warrior
             ... wielding a +0 halberd
              (19 damage)
             ... on level 9 of the Dungeon.
             The game lasted 01:52:10 (11003 turns).

mrath the Thaumaturge (GrEE)                       Turns: 11003, Time: 01:52:10

Health: -7/57      AC: 10    Str: 12    XL:     10   Next: 14%
Magic:  16/22      EV: 12    Int: 19    God:    Vehumet [......]
Gold:   335        SH:  0    Dex: 10    Spells: 5 memorised, 11 levels left

rFire  . . .     SeeInvis .     i - +0 shortbow
rCold  . . .     Clarity  .     b - +0 robe
rNeg   + . .     SustAt   +     (no shield)
rPois  ∞         Gourm    .     (no helmet)
rElec  +         Spirit   .     (no cloak)
rCorr  .         Warding  .     (no gloves)
rMut   .         Stasis   .     z - +0 pair of boots
MR     .....                    (no amulet)
Stlth  ++........               (no ring)
                                m - ring of sustain attributes

@: drained, not resistant to hostile enchantments, unstealthy
A: negative energy resistance 1, electricity resistance, unbreathing,
petrification resistance, rot immunity, AC +7
a: Renounce Religion


You were on level 9 of the Dungeon.
You worshipped Vehumet.
Vehumet was noncommittal.
You were not hungry.

You visited 2 branches of the dungeon, and saw 10 of its levels.

You collected 335 gold pieces.

Inventory:

Hand weapons
 f - a +1 dagger of venom
 i - a +0 shortbow (weapon)
 u - a +0 hunting sling
 w - a +0 quarterstaff
 G - a +0 whip of flaming
 L - a +1 glaive of chopping
Missiles
 q - 50 poisoned needles
 t - 41 arrows (quivered)
 x - 17 bolts of frost
 D - 32 sling bullets
 H - 14 tomahawks
 I - 48 bolts
 R - 2 stones
Armour
 b - a +0 robe (worn)
 z - a +0 pair of boots (worn)
Jewellery
 m - a ring of sustain attributes (left hand)
Magical devices
 a - a wand of frost (0)
 C - a wand of disintegration (16)
 F - a wand of confusion (12)
 J - a wand of random effects (27)
 K - a wand of lightning (4)
 P - a wand of draining (0)
Scrolls
 h - a scroll of fear {unknown}
 j - 5 scrolls of identify
 s - a scroll of magic mapping
 v - a scroll of blinking
 y - a scroll of enchant armour {unknown}
 E - 2 scrolls of fog
 M - a scroll of recharging {unknown}
Potions
 e - a potion of brilliance {unknown}
 k - 2 potions of degeneration {unknown}
 n - 2 potions of agility {unknown}
 o - a potion of ambrosia {unknown}
 r - 3 potions of haste
 A - a potion of cancellation {unknown}
 B - 2 potions of curing
 N - a potion of mutation {unknown}
 O - a potion of might {unknown}
Books
 c - a book of Geomancy

   Spells                             Type                      Level
   a - Sandblast                      Earth                        1
   b - Stoneskin                      Transmutation/Earth          2
   c - Passwall                       Transmutation/Earth          3
   d - Stone Arrow                    Conjuration/Earth            3
   e - Petrify                        Transmutation/Earth          4
   f - Lee's Rapid Deconstruction     Earth                        5
Miscellaneous
 Q - a phial of floods
Comestibles
 d - 4 bread rations
 g - 2 chunks of flesh
 l - 4 meat rations
 p - 12 fruits


   Skills:
 + Level 4.2(4.1) Fighting
 + Level 2.2(2.1) Bows
 + Level 3.3(3.2) Dodging
 - Level 2.1 Stealth
 * Level 8.9(8.8) Spellcasting
 + Level 4.1(4.0) Conjurations
 - Level 0.7(0.6) Transmutations
 + Level 8.7(8.6) Earth Magic
 + Level 3.5(3.4) Evocations


You had 11 spell levels left.
You knew the following spells:

 Your Spells              Type           Power        Failure   Level  Hunger
a - Sandblast             Erth           #####.       1%          1    None
b - Stoneskin             Trmt/Erth      ####....     1%          2    None
c - Stone Arrow           Conj/Erth      ####..       1%          3    None
d - Lee's Rapid Deconstr  Erth           #####.....   10%         5    #####..
e - Petrify               Trmt/Erth      ####....     14%         4    ###....


Dungeon Overview and Level Annotations

Branches:
Dungeon (9/15)             Temple (1/1) D:6
   Lair: D:8-11         Orc: D:9-12

Altars:
Ashenzari
Cheibriados
Dithmenos
Elyvilon
Fedhas
Gozag
Kikubaaqudgha
Makhleb
Nemelex Xobeh
Okawaru
Qazlal
Ru
Sif Muna
Trog
Vehumet
Xom
Yredelemnul
Zin
The Shining One

Shops:
D:7 *


Innate Abilities, Weirdness & Mutations

You are resistant to torment.
Your stone body is resilient (AC +7).
You are immune to poison.
You resist negative energy.
You are resistant to electric shocks.
You can survive without breathing.
You are immune to petrification.
You are immune to rotting.


Message History

* * * LOW HITPOINT WARNING * * *
The orc wizard casts a spell.
The orc wizard blinks!
Casting: Stone Arrow
Confirm with . or Enter, or press ? or * to list all spells.
Aiming: Stone Arrow
Press: ? - help, Shift-Dir - straight line, f - orc wizard
Aim: an orc wizard, wielding a dagger and wearing a robe The stone arrow hits the orc wizard.
You kill the orc wizard!
Vehumet accepts your kill.
Casting: Stone Arrow
Confirm with . or Enter, or press ? or * to list all spells.
Aiming: Stone Arrow
Press: ? - help, Shift-Dir - straight line, f - orc warrior
Aim: an orc warrior, wielding a halberd and wearing a plate armour The stone arrow hits the orc warrior.
The orc warrior is moderately wounded.
The orc warrior hits you from afar with a halberd!!
You die...

##### #............#
...).$#.##..<......#
oo....'.##.....#...#
..o...#.....#..#...#
.##########............#
Y......................#
...............)###....#
.....#..#...#...###....#
.#.. #........o.@....>.#
.......................#
########################


You could see an orc warrior.

Vanquished Creatures
  Pikel (D:5)
  A two-headed ogre (D:8)
  A water moccasin (D:7)
  6 orc warriors
  2 slaves (D:5)
  A phantom (D:8)
  An ice beast (D:6)
  2 sky beasts
  3 ogres
  2 centaurs
  4 giant frogs
  3 scorpions
  6 crimson imps
  3 jellies
  4 hounds
  8 orc wizards
  3 orc priests
  A quasit (D:8)
  5 worker ants
  An iguana (D:6)
  A worker ant zombie (D:6)
  8 adders
  A shadow imp (D:8)
  An ooze (D:2)
  An adder zombie (D:6)
  3 worms
  2 adder skeletons
  4 giant geckos
  36 orcs
  A ball python (D:5)
  7 bats
  A bat skeleton (D:7)
  5 giant cockroaches
  9 goblins
  18 hobgoblins
  10 jackals
  18 kobolds
  5 quokkas
  7 giant newts
  A jackal zombie (D:7)
  10 rats
207 creatures vanquished.

Vanquished Creatures (others)
  An orc (D:8)
1 creature vanquished.

Grand Total: 208 creatures vanquished

Notes
Turn   | Place    | Note
--------------------------------------------------------------
     0 | D:1      | mrath the Gargoyle Earth Elementalist began the quest for the Orb.
     0 | D:1      | Reached XP level 1. HP: 10/10 MP: 3/3
   113 | D:1      | Reached skill level 4 in Earth Magic
   113 | D:1      | Reached XP level 2. HP: 15/15 MP: 1/5
   230 | D:1      | Learned a level 2 spell: Stoneskin
   533 | D:1      | Reached XP level 3. HP: 19/19 MP: 1/7
   996 | D:2      | Found a stormy altar of Qazlal.
  1302 | D:2      | Reached XP level 4. HP: 24/24 MP: 6/8
  2733 | D:3      | Learned a level 3 spell: Stone Arrow
  2734 | D:4      | Noticed an ice beast
  2822 | D:4      | Reached skill level 5 in Earth Magic
  2822 | D:4      | Reached XP level 5. HP: 22/28 MP: 2/11
  3182 | D:4      | Found a snail-covered altar of Cheibriados.
  3184 | D:4      | Found a blossoming altar of Fedhas.
  3253 | D:4      | Reached XP level 6. HP: 32/32 MP: 8/13
  3617 | D:4      | Learned a level 5 spell: Lee's Rapid Deconstruction
  3902 | D:5      | Entered Level 5 of the Dungeon
  4180 | D:5      | Reached skill level 5 in Spellcasting
  4412 | D:5      | Found a bloodstained altar of Trog.
  4487 | D:5      | Noticed Pikel
  4646 | D:5      | Reached skill level 6 in Earth Magic
  4646 | D:5      | Reached XP level 7. HP: 36/36 MP: 8/15
  4665 | D:5      | Found a deep blue altar of Sif Muna.
  5025 | D:5      | Killed Pikel
  5025 | D:5      | Reached skill level 7 in Spellcasting
  5025 | D:5      | Reached XP level 8. HP: 10/41 MP: 1/18
  5695 | D:6      | Found a shadowy altar of Dithmenos.
  5695 | D:6      | Found a stormy altar of Qazlal.
  5987 | D:6      | Reached skill level 1 in Conjurations
  6062 | D:6      | Reached skill level 1 in Fighting
  6086 | D:6      | Reached skill level 1 in Evocations
  6689 | D:6      | Found a staircase to the Ecumenical Temple.
  6725 | Temple   | Entered the Ecumenical Temple
  6814 | D:6      | Found an opulent altar of Gozag.
  6901 | D:6      | Reached XP level 9. HP: 36/48 MP: 13/20
  7128 | D:6      | Reached skill level 8 in Spellcasting
  7496 | D:7      | Found Zin's Purification Station.
  7502 | D:7      | Found a glowing silver altar of Zin.
  7894 | D:7      | Learned a level 4 spell: Petrify
  8280 | D:7      | Found a white marble altar of Elyvilon.
  9065 | D:8      | Reached skill level 1 in Bows
  9670 | D:8      | Reached XP level 10. HP: 20/56 MP: 14/22
 10234 | D:8      | Found a burning altar of Makhleb.
 10235 | D:8      | Found a radiant altar of Vehumet.
 10242 | D:8      | Became a worshipper of Vehumet
 11003 | D:9      | Mangled by an orc warrior

Vault maps used:
D:1:      dpeg_arrival_rooms_c, st_stairs_14, nrook_mini_backslash,
          hangedman_feature_mirror, hangedman_decor_clover_reticule
D:2:      grunt_qazlal_sundering
D:3:      glass_columns_a
D:4:      grunt_temple_overflow_open, first_bread
D:5:      lemuel_doored_altar, kennysheep_mini, corexii_item_surrounded_by_moat,
          uniq_pikel
D:6:      old_standard_altar, gammafunk_temple_overflow_elements,
          minmay_temple_entry_grid
D:7:      lemuel_round_altar, zin_purify
D:8:      grunt_temple_overflow_lords_of_destruction
D:9:      orc_0_dummy, the_bakery
Temple:   minmay_temple_bridge_a_8

Action                   |  1- 3 |  4- 6 |  7- 9 | 10-12 || total
-------------------------+-------+-------+-------+-------++-------
Melee: Dagger            |       |     6 |    31 |     2 ||    39
       Whip              |       |       |       |     7 ||     7
 Fire: Shortbow          |       |       |    47 |    25 ||    72
Throw: Tomahawk          |       |       |       |     8 ||     8
       Stone             |       |       |       |     1 ||     1
 Cast: Sandblast         |    55 |   106 |   179 |    35 ||   375
       Stone Arrow       |       |     4 |    21 |     7 ||    32
       Stoneskin         |       |       |     1 |       ||     1
  Use: Scroll            |     2 |     1 |     9 |       ||    12
       Potion            |       |       |     1 |       ||     1
  Eat: Bread ration      |     1 |       |     3 |       ||     4
       Beef jerky        |       |     2 |       |       ||     2
       Chunk             |       |     1 |     2 |     1 ||     4
       Meat ration       |       |     1 |       |       ||     1
       Pizza             |       |       |     1 |       ||     1
